 Dungeon Crawl Stone Soup version 0.30-a0-557-ge2afbf3030 (webtiles) character file.

Game seed: 7471609756465225695

18 arthad the Digger (level 2, -2/15 HPs)
             Began as a Gargoyle Earth Elementalist on Dec 28, 2022.
             Slain by a kobold
             ... wielding a +0 whip
              (4 damage)
             ... on level 1 of the Dungeon.
             The game lasted 00:02:28 (594 turns).

arthad the Digger (Gargoyle Earth Elementalist)      Turns: 594, Time: 00:02:28

Health: -2/15      AC:  4    Str: 10 (11) XL:     2   Next: 66%
Magic:  4/5        EV: 11    Int: 13 (15) God:
Gold:   43         SH:  0    Dex:  7 (10) Spells: 4/5 levels left

rFire   . . .      SeeInvis .    (no weapon)
rCold   . . .      Faith    .    (no shield)
rNeg    + . .      Spirit   .    a - +0 robe
rPois   ∞          Reflect  .    (no helmet)
rElec   +          Harm     .    (no cloak)
rCorr   .          Rampage  .    (no gloves)
Will    .....                    (no boots)
Stlth   ++                       (no amulet)
HPRegen 0.22/turn                (no ring)
MPRegen 0.09/turn                (no ring)

@: attractive
A: sickness immunity, AC +2, negative energy resistance 1, electricity
resistance, torment resistance 1, petrification resistance
a: no special abilities


You were on level 1 of the Dungeon.
You visited 1 branch of the dungeon, and saw 1 of its levels.

You collected 43 gold pieces.

Inventory:

Missiles
 c - 5 javelins
Armour
 a - a +0 robe (worn)


   Skills:
 + Level 1.7 Dodging
 * Level 2.5 Stealth
 * Level 2.3 Spellcasting
 - Level 1.0 Transmutations
 * Level 3.9 Earth Magic


You had 4 spell levels left.
You knew the following spells:

 Your Spells              Type           Power      Damage    Failure   Level
a - Sandblast             Erth           22%        2d7       4%          1

Your spell library contained the following spells:

 Spells                   Type           Power      Damage    Failure   Level
 Passwall                 Tmut/Erth      5%         N/A       14%         2
 Stone Arrow              Conj/Erth      12%        3d7       32%         3
 Petrify                  Tmut/Erth      7%         N/A       65%         4


Dungeon Overview and Level Annotations

Branches:
Dungeon (1/15)

Altars:


Innate Abilities, Weirdness & Mutations

You are immune to sickness and miasma.
Your stone body is resilient. (AC +2)
You are immune to poison.
You resist negative energy. (rN+)
You are resistant to electric shocks. (rElec)
You are resistant to unholy torment.
You are immune to petrification.


Message History

The kobold is severely wounded.
The kobold hits you with a +0 whip.
You barely miss the kobold.
The kobold is severely wounded.
The kobold completely misses you.
You closely miss the kobold.
The kobold is severely wounded.
The kobold closely misses you.
You barely miss the kobold.
The kobold is severely wounded.
The kobold completely misses you.
The blast of sand hits the kobold but does no damage.
The kobold is severely wounded.
The kobold hits you with a +0 whip. x2
You closely miss the kobold.
The kobold is severely wounded.
The kobold hits you with a +0 whip.
* * * LOW HITPOINT WARNING * * *
The frilled lizard hisses.
It was a potion of attraction.
You feel attractive to monsters. The kobold closely misses you.
It was a potion of degeneration.
There was something very wrong with that liquid.
You feel weakened.
You feel dopey.
You feel clumsy.
A ball python comes into view.
The kobold hits you with a +0 whip.
* * * LOW HITPOINT WARNING * * *
The ball python is attracted toward you.
Magic courses through your body. The kobold hits you with a +0 whip.
* * * LOW HITPOINT WARNING * * *
The ball python is attracted toward you.
Aiming: Sandblast (safe; 4% risk of failure)
Press: ? - help, Q - select action, (/) - cycle Shift-Dir - straight line, f - frilled lizard, p - kobold
Aim: a frilled lizard (70% to hit)
The blast of sand hits the kobold but does no damage.
The kobold is severely wounded.
The ball python hisses angrily.
The kobold hits you with a +0 whip.
You die...

# #.....##...#
#...###..)###.#
..#.#§..#......#
#.#...###....# #
#..§#..#...#
..###...#..##
...#.....#...##
###...###S....#
...#...#@##.#
.###...#K# .#
#...#l# ##
..###... ... ...
.## .###. . . ##
##


You could see a ball python, a kobold and a frilled lizard.

Vanquished Creatures
  2 dart slugs (D:1)
  A goblin (D:1)
  2 hobgoblins (D:1)
  2 jackals (D:1)
  A quokka (D:1)
  A bat (D:1)
  A frilled lizard (D:1)
  3 kobolds (D:1)
  A rat (D:1)
14 creatures vanquished.

Notes
Turn   | Place    | Note
-------+----------+-------------------------------------------
     0 | D:1      | arthad the Gargoyle Earth Elementalist began the quest for
                  | the Orb.
     0 | D:1      | Reached XP level 1. HP: 10/10 MP: 3/3
   158 | D:1      | Reached skill level 1 in Transmutations
   158 | D:1      | Reached XP level 2. HP: 15/15 MP: 0/5
   594 | D:1      | Slain by a kobold

Illustrated notes

Levels and vault maps discovered:
D:1:      minmay_arrival_loop, layout_basic, nicolae_titane

Skill      XL: |  1 |
---------------+----+-----
Transmutations | 1 |  1.0
Dodging        | |  1.7
Stealth        | |  2.5
Spellcasting   | |  2.3
Earth Magic    | |  3.9

Action                   || total
-------------------------++-------
Melee: Unarmed           ||    19
 Cast: Sandblast         ||    31
  Use: Potion            ||     3
       Scroll            ||     1
Armor: Robe              ||    24
Dodge: Dodged            ||    36

Table legend: (Time is in decaauts)
 A = Elapsed time spent in this place.
 B = Non-inter-level travel time spent in this place.
 C = Inter-level travel time spent in this place.
 D = Time resting spent in this place.
 E = Time spent auto-exploring this place.
 F = Levels seen in this place.
 G = Mean time per level.
                   A        B        C        D        E       F      G
               +--------+--------+--------+--------+--------+-----+--------+
         Total |    609 |    609 |      0 |     80 |    348 |   1 |  609.0 |
       Dungeon |    609 |    609 |      0 |     80 |    348 |   1 |  609.0 |
               +--------+--------+--------+--------+--------+-----+--------+

Top non-repeatable levels by time:
     D:1: 609 daAuts
